 Dungeon Crawl Stone Soup version 0.25-b1-37-g2669288c55 (webtiles) character file.

Game seed: 15605580498929238499

62 raph the Sneak (level 3, -2/16 HPs)
             Began as a Spriggan Enchanter on June 5, 2020.
             Killed from afar by Natasha (7 damage)
             ... with a magic dart
             ... on level 3 of the Dungeon.
             The game lasted 00:07:46 (1983 turns).

raph the Sneak (Spriggan Enchanter)                 Turns: 1983, Time: 00:07:47

Health: -2/16      AC:  2    Str:  4    XL:     3   Next: 85%
Magic:  3/8        EV: 18    Int: 16    God:
Gold:   69         SH:  0    Dex: 17    Spells: 2/8 levels left

rFire    . . .     SeeInvis +   a - +3 dagger
rCold    . . .     Gourm    .   (shield restricted)
rNeg     . . .     Faith    .   b - +0 robe
rPois    .         Spirit   .   (helmet restricted)
rElec    .         Reflect  .   (no cloak)
rCorr    .         Harm     .   (gloves unavailable)
MR       .....                  (boots unavailable)
Stlth    +++.......             (no amulet)
HPRegen  0.05/turn              (no ring)
MPRegen  0.11/turn              (no ring)

@: lightly drained, very quick
A: very small, unfitting armour, see invisible, herbivore, speed 3, slow
metabolism 2
a: no special abilities


You were on level 3 of the Dungeon.
You were not hungry.

You visited 1 branch of the dungeon, and saw 3 of its levels.

You collected 69 gold pieces.

Inventory:

Hand Weapons
 a - a +3 dagger (weapon)
 g - a +1 dagger
Missiles
 f - 21 stones (quivered)
Armour
 b - a +0 robe (worn)
Jewellery
 o - an uncursed amulet of faith
Scrolls
 e - a scroll of amnesia {unknown}
 h - a scroll of enchant armour {unknown}
 i - a scroll of fear {unknown}
 j - a scroll of remove curse {unknown}
 k - a scroll of noise {unknown}
 l - a scroll of magic mapping {unknown}
 p - a scroll of identify {unknown}
Potions
 c - a potion of berserk rage {unknown}
 m - a potion of flight {unknown}
 n - a potion of mutation {unknown}
Comestibles
 d - 6 rations


   Skills:
 * Level 2.6(2.5) Short Blades
 - Level 3.0(2.9) Dodging
 + Level 5.0(4.9) Stealth
 + Level 3.1 Spellcasting
 * Level 4.4 Hexes


You had 2 spell levels left.
You knew the following spells:

 Your Spells              Type           Power        Failure   Level  Hunger
a - Corona                Hex            ###....      3%          1    #......
b - Ensorcelled Hibernat  Hex/Ice        #.....       12%         2    ##.....
c - Dazzling Flash        Conj/Hex       #.....       22%         3    ###....

Your spell library contained the following spells:

 Spells                   Type           Power        Failure   Level  Hunger
 Confusing Touch          Hex            ###.....     9%          3    ###....
 Tukima's Dance           Hex            ###.....     9%          3    ###....
 Gell's Gravitas          Tloc           #.........   50%         3    ###....
 Petrify                  Tmut/Erth      #.......     88%         4    #####..
 Metabolic Englaciation   Hex/Ice        #.........   91%         5    ######.
 Yara's Violent Unravell  Hex/Tmut       #.........   91%         5    ######.


Dungeon Overview and Level Annotations

Branches:
Dungeon (3/15)

Altars:
Zin

Annotations:
D:2 Sigmund
D:3 Natasha


Innate Abilities, Weirdness & Mutations

You are very small and have problems with some larger weapons.
You are too small for most types of armour.
You have supernaturally acute eyesight. (SInv)
You are a herbivore.
You cover ground extremely quickly.
You need to consume almost no food.


Message History

Aiming: Ensorcelled Hibernation (safe; 12% risk of failure)
Press: ? - help, Shift-Dir - straight line, f - Natasha
Aim: Natasha (not susceptible) Natasha is unaffected.
Natasha claws you.
* * * LOW HITPOINT WARNING * * *
You hit Natasha.
Natasha is lightly wounded.
Natasha completely misses you.
Casting: Ensorcelled Hibernation (safe; 12% risk of failure)
Confirm with . or Enter, or press ? or * to list all spells.
Aiming: Corona (safe; 3% risk of failure)
Press: ? - help, Shift-Dir - straight line, f/p - Natasha
Aim: Natasha (lightly wounded, chance to defeat MR: 53%) Natasha is outlined in light.
Natasha misses you.
You hit Natasha.
Natasha is heavily wounded.
Natasha casts a spell.
Natasha casts a spell at you. The magic dart hits you!
You die...

#. .# .# #. .##.
##.#####....
........... ......_.
#.#...#
#######.#.#.####..
.........@.h......
.########.#.##5##...
..........#.# ..
.......<..#.# ...
..........#.# ...
..........#.# ..
.#.#####....# . #
+....# #...##


You could see Natasha (corona) and a crimson imp (summoned).

Vanquished Creatures
  An adder (D:3)
  2 oozes
  A dart slug (D:1)
  2 leopard geckos
  8 goblins (D:1)
  4 hobgoblins
  5 kobolds
  7 bats
  4 frilled lizards
  8 rats
42 creatures vanquished.

Notes
Turn   | Place    | Note
-------+----------+-------------------------------------------
     0 | D:1      | raph the Spriggan Enchanter began the quest for the Orb.
     0 | D:1      | Reached XP level 1. HP: 9/9 MP: 5/5
   300 | D:1      | Reached XP level 2. HP: 9/13 MP: 6/6
   570 | D:1      | Learned a level 2 spell: Ensorcelled Hibernation
   784 | D:1      | Reached XP level 3. HP: 16/16 MP: 6/8
   802 | D:1      | Learned a level 3 spell: Dazzling Flash
  1129 | D:2      | Noticed Sigmund
  1970 | D:3      | Found a glowing silver altar of Zin.
  1971 | D:3      | Reached skill level 5 in Stealth
  1973 | D:3      | Noticed Natasha
  1983 | D:3      | Killed from afar by Natasha

Illustrated notes

Levels and vault maps discovered:
D:1:      noname_arrival_rooms_in_the_neighbourhood, layout_basic
D:2:      minmay_chambers_of_ones, layout_loops_ring, uniq_sigmund
D:3:      layout_basic, overflow_temple_1_default, lemuel_round_altar,
          nicolae_dithmenos_through_a_glass_darkly, first_ration,
          item_on_display_a, uniq_terence, uniq_natasha, uniq_ijyb

Skill      XL: |  1  2  3 |
---------------+----------+-----
Hexes          | 4 |  4.4
Spellcasting   | 3 |  3.1
Short Blades   | 2 |  2.6
Stealth        | 5 |  5.0
Dodging        | |  3.0

Action                   || total
-------------------------++-------
Melee: Dagger            ||   114
 Cast: Corona            ||    25
       Ensorcelled Hiber ||     4
 Stab: Sleeping          ||    15
Armor: Robe              ||    15
Dodge: Dodged            ||    84
